 Dungeon Crawl Stone Soup version 0.31.0-9-g3a7656b989 (webtiles) character file.

Game seed: 15843848167960228717

65 qw the Shooter (level 3, 0/18 HPs)
             Began as a Spriggan Hunter on Feb 2, 2024.
             Was an Initiate of Okawaru.
             Succumbed to their own poison gas
             ... on level 2 of the Dungeon.
             The game lasted 00:00:04 (1041 turns).

qw the Shooter (Spriggan Hunter)                    Turns: 1041, Time: 00:00:04

Health: 0/18       AC:  2    Str:  7    XL:     3   Next: 94%
Magic:  4/4        EV: 19    Int: 10    God:    Okawaru [......]
Gold:   95         SH:  0    Dex: 20    Spells: 2/2 levels left

rFire   . . .        a - +0 shortbow
rCold   . . .        (shield currently unavailable)
rNeg    . . .        c - +0 robe
rPois   .            (helmet restricted)
rElec   .            (no cloak)
rCorr   .            (gloves unavailable)
SInv    +            (boots unavailable)
Will    .....        (no amulet)
Stlth   ++           (no ring)
HPRegen 0.23/turn    (no ring)
MPRegen 0.09/turn

%: no passive effects
@: mighty, lethally poisoned (0 -> -1), very quick
A: very small, no large weapons, unfitting armour, see invisible, speed 3
a: Renounce Religion


You were on level 2 of the Dungeon.
You worshipped Okawaru.
Okawaru was noncommittal.
You visited 1 branch of the dungeon, and saw 2 of its levels.

You collected 95 gold pieces.


Innate Abilities, Weirdness & Mutations

You are very small and have problems with some larger weapons.
You are too small for most types of armour.
You have supernaturally acute eyesight. (SInv)
You cover ground extremely quickly. (Speed+++)


   Skills:
 - Level 1.5 Fighting
 - Level 5.0 Ranged Weapons
 + Level 4.2 Dodging
 - Level 1.5 Stealth


You had 2 spell levels left.
You didn't know any spells.
Your spell library was empty.

Inventory:

Hand Weapons
 a - a +0 shortbow (weapon)
Armour
 c - a +0 robe (worn)
Potions
 d - a potion of berserk rage {unknown}
 e - a potion of haste {unknown}
 f - a potion of resistance {unknown}
 g - a potion of cancellation {unknown}
 h - a potion of might
 i - a potion of attraction {unknown}
 j - a potion of mutation {unknown}

Dungeon Overview and Level Annotations

Branches:
Dungeon (2/15)

Altars:
Okawaru


Message History

Done exploring.
1029 ||| DRINKING 2 lumpy green potions.
It was a potion of might.
You feel very mighty all of a sudden.
Done exploring.
What level of the Dungeon? (default 2, ? - help) Sorry, I don't know how to get there.
Enter note:
Enter note:
Enter note:
Enter note:
Enter note:
Enter note:
Enter note:
Enter note:
Enter note: You are engulfed in poison gas.
You are poisoned.
You feel very sick.
1031 ||| Stepping ~*~*~tactically~*~*~ (cloud).
You feel sick.
There is a lethal amount of poison in your body!
You feel very sick.
There is a lethal amount of poison in your body!
You feel very sick.
There is a lethal amount of poison in your body!
You feel sick.
There is a lethal amount of poison in your body!
You feel sick.
There is a lethal amount of poison in your body!
You feel sick.
There is a lethal amount of poison in your body!
You feel sick.
There is a lethal amount of poison in your body!
You feel sick.
There is a lethal amount of poison in your body!
You feel sick.
There is a lethal amount of poison in your body!
You feel sick.
There is a lethal amount of poison in your body!
You die...

### ##.## ##...#### #..#.....
##...#### ######## ### #####.##
#...>..####.# #...#.#
##......##.¤@# #...#.#
##.......#¤0#0######...#.#
##........#.##0¤....#..##.##
#..#####.0..######.....#...####
#.####..0...........#....#.....
#
#......0###.#######....#...####
###''###### #..## ##...##.###
#......# ##..# ####.......###
#.##.#.### ##.## #...%.........


There were no monsters in sight!

Vanquished Creatures
  An adder (D:2)
  3 dart slugs
  8 endoplasms
  5 giant cockroaches
  5 goblins
  4 hobgoblins
  2 jackals (D:2)
  2 kobolds (D:2)
  3 quokkas (D:1)
  2 ball pythons
  4 bats
  2 frilled lizards (D:2)
  4 rats
45 creatures vanquished.

Notes
Turn   | Place    | Note
-------+----------+-------------------------------------------
     0 | D:1      | qw the Spriggan Hunter began the quest for the Orb.
     0 | D:1      | Reached XP level 1. HP: 10/10 MP: 2/2
     0 | D:1      | 0 ||| qw: Version: 0.3-a-155-g5e7d8dd
     0 | D:1      | 0 ||| qw: Game counter: 282
     0 | D:1      | 0 ||| qw: Melee chars always use a shield: true
     0 | D:1      | 0 ||| qw: God list: Okawaru
     0 | D:1      | 0 ||| qw: Allow faded altars: false
     0 | D:1      | 0 ||| qw: Do Orc after clearing Dungeon:15 true
     0 | D:1      | 0 ||| qw: Do second Lair branch before Depths: true
     0 | D:1      | 0 ||| qw: Lair rune preference: random
     0 | D:1      | 0 ||| qw: Goals: Normal
     0 | D:1      | 0 ||| PLANNING D:1-11
    31 | D:1      | Reached skill level 3 in Dodging
   135 | D:1      | Reached XP level 2. HP: 14/14 MP: 3/3
   484 | D:1      | 484 ||| DROPPING scroll of butterflies.
   511 | D:2      | Reached XP level 3. HP: 18/18 MP: 4/4
   562 | D:2      | Found an iron altar of Okawaru.
   563 | D:2      | 563 ||| PLANNING OKAWARU WORSHIP
   563 | D:2      | 563 ||| READING scroll labelled XITWETZUXEU.
   564 | D:2      | 564 ||| READING scroll labelled BELIZURHEH.
   575 | D:2      | Became a worshipper of Warmaster Okawaru
   576 | D:2      | 576 ||| PLANNING D:1-11
   762 | D:2      | Reached skill level 5 in Ranged Weapons
  1028 | D:2      | 1028 ||| READING scroll labelled IHY PUTHUOLU.
  1029 | D:2      | 1029 ||| DRINKING 2 lumpy green potions.
  1031 | D:2      | 1031 ||| Stepping ~*~*~tactically~*~*~ (cloud).
  1036 | D:2      | HP: 4/18 [poisoned by you (poison gas)]
  1040 | D:2      | HP: 1/18 [poisoned by you (poison gas)]
  1041 | D:2      | Succumbed to their own poison gas

Levels and vault maps discovered:
D:1:      beargit_arrival_greenhouse, layout_rooms,
          ebering_dispersal_statue_hall
D:2:      layout_rooms, basic_altar, minmay_misc_feat_tower,
          kennysheep_generic_room_12

Skill      XL: |  1  2  3 |
---------------+----------+-----
Dodging        | 3 4 |  4.2
Ranged Weapons | 5 |  5.0
Fighting       | |  1.5
Stealth        | |  1.5

Action                     || total
---------------------------++-------
   Fire: Shortbow          ||   102
    Use: Scroll            ||     3
         Potion            ||     1
 Armour: Robe              ||     4
  Dodge: Dodged            ||    10

Table legend:
 A = Non-vault XP
 B = Vault XP
 C = Vault XP percentage of total XP
 D = Non-vault monster count
 E = Vault monster count
 F = Vault count percentage of total count
                 A         B        C        D         E       F
            +---------+---------+-------+---------+---------+-------
      Total |      91 |       3 |   3.2 |      43 |       2 |   4.4
            +---------+---------+-------+---------+---------+-------
        D:1 |      37 |       0 |   0.0 |      20 |       0 |   0.0
        D:2 |      54 |       3 |   5.3 |      23 |       2 |   8.0
            +---------+---------+-------+---------+---------+-------
